AoeStats
← yuhaoze43

Arabia

508990211Analyzed
1v1 RM · 8d ago on Sep 25, 2026· 31m 39s· 2 players
Game mode
Random Map
Map size
Tiny (2 player)
Population
200
Speed
Normal
Resources
Standard
Victory
Conquest
Starting age
Dark Age
Ending age
Imperial Age
RankedLock teamsTeams togetherTeam positionsShared explorationLock speedFull tech treeHidden civsTurbo modeCheats
Victory
Defeat
🇨🇦 Khmer · Canada
979
+17
🇨🇳 Turks · China
1000
-51
jessewald9
8:17 Loom
10:29 Feudal Age
13:24 Wheelbarrow
19:16 Double-Bit Axe
19:14 Horse Collar
21:59 Castle Age
22:23 Gold Mining
24:00 Gold Shaft Mining
26:32 Elite Skirmisher
28:36 Heavy Plow
28:49 Forging
yuhaoze43
3:47 Loom
12:51 Feudal Age
18:56 Castle Age
19:50 Stone Mining
23:18 Double-Bit Axe
24:10 Squires
Connection lost

Rejoining the realm…

Still unreachable

The connection could not be restored.

Session expired

The server has moved on; the page needs a fresh start.